 Dungeon Crawl Stone Soup version 0.16.1-16-gc44b35d (webtiles) character file.

366 hulla the Changer (level 6, -2/41 HPs)
             Began as an Octopode Transmuter on Apr 16, 2015.
             Slain by a shadow imp (5 damage)
             ... summoned by Natasha
             ... on level 3 of the Dungeon.
             The game lasted 00:18:16 (5270 turns).

hulla the Changer (Octopode Transmuter)             Turns: 5270, Time: 00:18:17

Health: -2/41      AC:  0    Str:  9      XL:     6   Next: 68%
Magic:  8/10       EV: 18    Int: 17      God:
Gold:   144        SH:  0    Dex: 10 (13) Spells: 3 memorised, 3 levels left

rFire  . . .     SeeInvis .       - Unarmed
rCold  . . .     Clarity  .     (shield currently unavailable)
rNeg   . . .     SustAb   .     (helmet currently unavailable)
rPois  .         Gourm    .     (amulet currently unavailable)
rElec  .         Spirit   .     c - melded ring of teleportation (curse)
rCorr  .         Warding  .     (ring currently unavailable)
rMut   .         Stasis   .     (ring currently unavailable)
MR     .....                    (ring currently unavailable)
Stlth  +.........               (ring currently unavailable)
                                (ring currently unavailable)
                                (ring currently unavailable)
                                (ring currently unavailable)

@: about to teleport, porcupine-form, quick, not resistant to hostile
enchantments, very unstealthy
A: almost no armour, amphibious, (8 rings), (constrict 8), (camouflage 0),
(gelatinous body 0)
a: no special abilities


You were on level 3 of the Dungeon.
You were not hungry.
You were a spiny porcupine.
You visited 1 branch of the dungeon, and saw 4 of its levels.

You collected 144 gold pieces.

Inventory:

Hand weapons
 p - a +0 blowgun
Missiles
 b - 37 arrows
 e - 8 stones
 k - 41 poisoned needles
 n - 29 sling bullets
 q - 6 javelins (quivered)
Jewellery
 c - a cursed ring of teleportation (melded)
Magical devices
 o - a wand of random effects (48)
 u - a wand of polymorph (15)
Scrolls
 g - a scroll of enchant armour
 l - a scroll of recharging
 s - a scroll of identify
Potions
 i - a potion of agility
 m - a potion of flight {unknown}
Books
 d - a book of Changes

   Spells                             Type                      Level
   a - Beastly Appendage              Transmutation                1
   b - Sticks to Snakes               Transmutation                2
   c - Spider Form                    Transmutation/Poison         3
   d - Ice Form                       Ice/Transmutation            4
   e - Blade Hands                    Transmutation                5
Comestibles
 a - 6 bread rations
 f - 7 fruits
 h - 4 meat rations
 j - a slice of pizza


   Skills:
 + Level 2.4 Fighting
 - Level 2.0 Dodging
 + Level 4.1 Unarmed Combat
 - Level 2.0 Spellcasting
 - Level 5.0 Transmutations
 - Level 3.0 Poison Magic


You had 3 spell levels left.
You knew the following spells:

 Your Spells              Type           Power        Failure   Level  Hunger
a - Beastly Appendage     Trmt           ###...       2%          1    #......
b - Spider Form           Trmt/Pois      ###.......   12%         3    ###....
c - Sticks to Snakes      Trmt           ###.......   3%          2    ###....


Dungeon Overview and Level Annotations

Branches:
Dungeon (4/15)
 Temple: D:4-7

Altars:
Nemelex Xobeh

Annotations:
D:3 Natasha
D:4 Blork the orc; DevastatorOne's ghost, average FoMo


Innate Abilities, Weirdness & Mutations

You cannot wear most types of armour.
You are amphibious.
((You can wear up to eight rings at the same time.))
((You can use your tentacles to constrict many enemies at once.))
((Your skin changes colour to match your surroundings (Stealth).))
((Your rubbery body absorbs attacks (AC +1).))


Message History

Natasha mumbles some strange words.
The shadow imp barely misses you.
Read which item? (? for menu, Esc to quit)
As you read the scroll of teleportation, it crumbles to dust.
You feel strangely unstable. The white imp hits you. The white imp freezes you.
* * * LOW HITPOINT WARNING * * *
The shadow imp picks up a beetle and eats it.
The shadow imp misses you.
You barely miss the shadow imp.
The shadow imp is severely wounded.
The white imp hits you.
* * * LOW HITPOINT WARNING * * *
The white imp freezes you.
* * * LOW HITPOINT WARNING * * *
The shadow imp barely misses you.
You hit the shadow imp.
The shadow imp is almost dead.
The white imp disappears in a puff of smoke!
The shadow imp hits you.
You die...

### ###
#############.######.############
.................................
...................#..###########
##################.#..#
...................#..#
################h..#..#
#............#5#[#..#
###.##########.#r#5#..########
....# #....#.#ยง#.#.........#
#########....#.#.#.#.#######.#
#.....'....'.....#.# #.#
#.#####....#.#...#.# #.#
###.####.......#...#.#######.####
.................................
###.####...........#.........####
#.####.#######################


You could see Natasha and a shadow imp.

Vanquished Creatures
  A hound (D:4)
  An orc priest (D:3)
  Crazy Yiuf (D:3)
  Natasha (twice) (D:3)
  Ijyb (D:2)
  4 gnolls
  Robin (D:3)
  2 adders
  A worm (D:2)
  3 giant geckos
  An ooze (D:2)
  8 orcs (D:3)
  A ball python (D:2)
  4 bats
  3 giant cockroaches
  12 hobgoblins
  4 quokkas
  6 giant newts
  16 goblins
  13 kobolds
  7 rats
92 creatures vanquished.

Vanquished Creatures (collateral kills)
  Sigmund (D:3)
1 creature vanquished.

Grand Total: 93 creatures vanquished

Notes
Turn   | Place    | Note
--------------------------------------------------------------
     0 | D:1      | hulla, the Octopode Transmuter, began the quest for the Orb.
     0 | D:1      | Reached XP level 1. HP: 13/13 MP: 3/3
   491 | D:1      | Reached XP level 2. HP: 16/18 MP: 2/4
  1554 | D:2      | Reached XP level 3. HP: 23/23 MP: 4/6
  1567 | D:2      | Learned a level 3 spell: Spider Form
  1570 | D:2      | Learned a level 2 spell: Sticks to Snakes
  1578 | D:2      | Found a sparkling altar of Nemelex Xobeh.
  1839 | D:2      | Noticed Ijyb
  1848 | D:2      | Killed Ijyb
  1848 | D:2      | Reached skill level 4 in Transmutations
  1934 | D:2      | Reached XP level 4. HP: 21/28 MP: 3/7
  2098 | D:2      | Reached skill level 1 in Poison Magic
  2860 | D:2      | Reached XP level 5. HP: 33/33 MP: 3/9
  3125 | D:3      | Noticed Sigmund
  3588 | D:3      | Noticed Robin
  3602 | D:3      | Killed Robin
  3658 | D:3      | Noticed Crazy Yiuf
  3666 | D:3      | Killed Crazy Yiuf
  3666 | D:3      | Reached skill level 5 in Transmutations
  3722 | D:3      | Reached XP level 6. HP: 19/38 MP: 4/10
  3981 | D:3      | Noticed Natasha
  3990 | D:3      | Killed Natasha
  4269 | D:3      | Killed Sigmund
  4915 | D:3      | Noticed Natasha
  4927 | D:3      | Killed Natasha
  5124 | D:4      | Noticed DevastatorOne's ghost (average FoMo)
  5127 | D:4      | Noticed Blork the orc
  5254 | D:3      | Noticed Natasha
  5270 | D:3      | Slain by a shadow imp

Action                   |  1- 3 |  4- 6 || total
-------------------------+-------+-------++-------
Melee: Unarmed           |    80 |   175 ||   255
Throw: Stone             |       |     4 ||     4
 Cast: Beastly Appendage |     8 |     5 ||    13
       Spider Form       |     2 |    16 ||    18
       Sticks to Snakes  |       |     3 ||     3
  Use: Scroll            |       |     7 ||     7
       Potion            |       |     4 ||     4
 Stab: Sleeping          |     3 |     2 ||     5
  Eat: Chunk             |     2 |    15 ||    17
